Map: Ever Dream LE

Players

PtitDrogo

  • Race: Protoss Protoss
  • League: Master
  • Spawn Location: 7:00

DRG - Winner!

  • Race: Zerg Zerg
  • Spawn Location: 1:00

Event: Shopify TSL 5

VOD

Have the link to the VOD?

Description

Time

  • Played on: May 23, 2020, 11:55 a.m.
  • Length: 14:59

All games in this series

Show
View Real Time Build Order
Export as new Build Order

PtitDrogo Protoss 

Build Orders: 1 Gate Expand, Zealot Archon, Archon Drop, Dark Templar Rush 

Get SALT Encoding   

  12  0:00  Probe  
  13  0:13  Probe  
  14  0:19  Pylon  
  14  0:25  Probe  
  14  0:28  Assimilator  
  15  0:37  Probe (Chrono Boost)  
  16  0:43  Gateway  
  16  0:46  Probe (Chrono Boost)  
  17  0:52  Probe  
  18  1:04  Probe  
  19  1:16  Probe  
  20  1:22  Nexus  
  20  1:34  Cybernetics Core  
  20  1:36  Probe  
  21  1:41  Assimilator  
  21  1:48  Probe  
  21  1:50  Pylon  
  22  2:01  Probe  
  23  2:09  Adept (Chrono Boost)  
  23  2:12  Warp Gate  
  23  2:13  Probe  
  26  2:18  Twilight Council  
  26  2:25  Probe (Chrono Boost)  
  27  2:31  Stalker  
  27  2:34  Probe (Chrono Boost)  
  31  2:37  Probe (Chrono Boost)  
  31  2:44  Probe x2 (Chrono Boost)  
  32  2:48  Robotics Facility  
  32  2:49  Probe (Chrono Boost)  
  34  2:51  Probe  
  35  3:06  Probe  
  35  3:08  Probe  
  35  3:12  Dark Shrine  
  37  3:19  Probe  
  38  3:22  Probe  
  38  3:24  Gateway x2  
  39  3:28  Gateway  
  39  3:35  Warp Prism (Chrono Boost)  
  41  3:43  Probe x2  
  43  3:48  Assimilator  
  43  3:51  Assimilator  
  43  3:52  Pylon  
  43  3:55  Probe  
  44  3:57  Probe  
  45  4:07  Probe, Pylon  
  46  4:10  Probe  
  46  4:15  Adept  
  49  4:19  Probe  
  49  4:23  Probe  
  52  4:31  Probe  
  52  4:32  Dark Templar x4  
  52  4:36  Pylon  
  52  4:37  Archon x2  
  60  4:40  Pylon  
  60  4:42  Charge (Chrono Boost)  
  60  4:45  Shield Battery  
  55  4:46  Pylon  
  55  4:51  Probe  
  55  4:52  Pylon  
  56  5:02  Dark Templar  
  58  5:07  Probe  
  58  5:09  Dark Templar  
  58  5:11  Probe  
  62  5:19  Probe  
  62  5:27  Probe  
  63  5:32  Probe  
  63  5:34  Archon  
  63  5:35  Dark Templar x2  
  68  5:39  Probe  
  69  5:44  Archon, Probe  
  69  5:48  Nexus  
  69  5:49  Pylon  
  70  5:51  Probe  
  70  5:54  Observer (Chrono Boost)  
  70  5:55  Forge  
  70  5:56  Probe  
  73  5:59  Pylon  
  73  6:03  Probe  
  70  6:08  Probe  
  70  6:10  Sentry, Zealot x3  
  79  6:15  Probe  
  79  6:17  Immortal (Chrono Boost)  
  80  6:20  Probe  
  80  6:24  Protoss Ground Weapons Level 1 (Chrono Boost)  
  85  6:27  Probe  
  85  6:32  Probe  
  87  6:39  Probe  
  88  6:41  Zealot x2  
  88  6:44  Probe  
  88  6:46  Immortal (Chrono Boost)  
  93  6:51  Probe  
  98  6:56  Probe  
  98  7:00  Probe  
  100  7:03  Probe  
  100  7:04  Templar Archives  
  100  7:07  Gateway  
  101  7:08  Probe  
  101  7:09  Assimilator  
  101  7:10  Gateway, Assimilator  
  101  7:12  Probe  
  103  7:16  Probe  
  103  7:18  Gateway  
  103  7:19  Gateway  
  105  7:23  Immortal (Chrono Boost)  
  105  7:29  Photon Cannon  
  110  7:35  Photon Cannon  
  98  7:42  High Templar x4  
  106  7:45  Pylon x2  
  106  7:46  Archon  
  106  7:47  Archon  
  106  7:48  Pylon  
  106  7:49  Pylon  
  106  7:50  Pylon  
  106  7:56  Gateway  
  106  7:57  Gateway, Warp Prism (Chrono Boost)  
  106  8:03  Protoss Ground Weapons Level 2 (Chrono Boost)  
  106  8:11  Shield Battery  
  106  8:13  Dark Templar  
  106  8:15  High Templar x2, Zealot x2  
  106  8:16  Zealot x3  
  122  8:23  Archon  
  104  8:36  Probe (Chrono Boost)  
  104  8:41  Probe x2 (Chrono Boost), Zealot x4  
  88  8:45  Probe (Chrono Boost)  
  97  8:49  Probe x2 (Chrono Boost)  
  97  8:52  Probe (Chrono Boost)  
  97  8:53  Dark Templar  
  100  8:56  High Templar x2, Zealot  
  100  9:00  Probe (Chrono Boost)  
  109  9:06  Archon, Probe (Chrono Boost)  
  109  9:07  Probe (Chrono Boost), High Templar x2  
  109  9:08  Probe (Chrono Boost)  
  114  9:12  Archon, Probe (Chrono Boost)  
  114  9:15  Pylon  
  115  9:35  High Templar x2, Zealot  
  115  9:36  Zealot x2  
  125  9:39  Archon  
  125  9:41  Nexus  
  125  9:43  Pylon  
  125  9:49  Pylon  
  125  9:56  Stalker x3  
  122  10:08  Immortal  
  122  10:10  Zealot x5  
  122  10:12  Zealot x2  
  107  10:21  Probe x2 (Chrono Boost)  
  107  10:24  Probe (Chrono Boost)  
  90  10:33  Probe x2 (Chrono Boost)  
  90  10:34  High Templar x5  
  99  10:38  Archon x2  
  99  10:39  Probe (Chrono Boost)  
  99  10:40  Probe x2 (Chrono Boost), High Templar  
  103  10:44  Protoss Ground Weapons Level 3 (Chrono Boost)  
  103  10:45  Probe  
  103  10:46  Probe  
  103  10:48  Probe  
  102  10:57  Probe  
  102  10:58  Probe  
  102  10:59  Archon  
  102  11:00  Probe  
  105  11:09  Probe  
  105  11:10  Probe  
  107  11:12  Probe  
  107  11:13  Immortal  
  107  11:18  High Templar, Zealot  
  114  11:19  Zealot x2  
  114  11:24  Zealot x2  
  124  11:29  Zealot  
  124  11:32  Pylon  
  108  11:43  Pylon  
  108  11:50  Zealot x2  
  108  11:52  High Templar x4  
  108  11:53  Zealot x4  
  128  11:57  Archon x2  
  110  12:12  Zealot x2  
  114  12:19  Sentry  
  114  12:20  High Templar x2  
  120  12:24  Archon  
  120  12:25  Zealot  
  122  12:34  Nexus  
  122  12:35  Immortal (Chrono Boost)  
  122  12:36  Pylon  
  122  12:42  High Templar x2  
  122  12:43  Zealot x4  
  138  12:49  Archon  
  138  12:54  Shield Battery  
  138  12:58  Unknown  
  138  12:59  Stalker  
  138  13:01  Zealot x3  
  146  13:16  Zealot x4  
  146  13:18  Probe  
  127  13:22  High Templar  
  106  13:46  Zealot x3  
  72  14:02  High Templar x6  
  60  14:06  Archon x3  
  60  14:15  High Templar x2, Zealot x2  
  68  14:19  Probe (Chrono Boost)  
  68  14:23  Archon, Probe x2 (Chrono Boost)  
  71  14:31  Probe x2 (Chrono Boost)  
  71  14:33  Probe (Chrono Boost)  
  71  14:38  Zealot  
  70  14:42  High Templar  
Show
View Real Time Build Order
Export as new Build Order

DRG Zerg - Winner!

Build Orders: Hatch First 

Get SALT Encoding   

  12  0:01  Drone  
  13  0:12  Overlord  
  13  0:17  Drone  
  14  0:31  Drone x2  
  16  0:48  Hatchery  
  15  0:51  Drone  
  15  0:55  Drone  
  17  0:58  Drone  
  18  1:09  Extractor  
  17  1:13  Spawning Pool  
  17  1:16  Drone  
  17  1:19  Drone  
  18  1:28  Drone  
  19  1:39  Drone  
  20  1:46  Hatchery  
  19  1:50  Drone  
  20  2:00  Drone x2  
  22  2:04  Queen  
  24  2:11  Drone  
  24  2:13  Overlord  
  25  2:21  Queen  
  27  2:24  Drone  
  27  2:29  Metabolic Boost  
  28  2:33  Zergling x4  
  28  2:36  Drone  
  31  2:43  Queen  
  33  2:45  Drone  
  33  2:47  Drone  
  35  2:54  Drone  
  35  2:55  Overlord  
  36  3:03  Queen  
  36  3:05  Drone x2  
  39  3:07  Drone  
  39  3:11  Drone  
  41  3:15  Drone x2  
  41  3:19  Queen  
  45  3:21  Drone  
  45  3:26  Overlord  
  46  3:27  Drone  
  46  3:31  Drone x2  
  46  3:33  Drone  
  50  3:38  Overlord  
  50  3:44  Drone x2  
  50  3:45  Drone  
  53  3:48  Drone  
  53  3:50  Roach Warren  
  53  3:54  Zergling x10  
  58  4:00  Overlord  
  58  4:05  Spore Crawler  
  58  4:06  Zergling x6  
  58  4:07  Spore Crawler  
  58  4:08  Zergling x2  
  60  4:14  Drone x2  
  60  4:16  Zergling x8  
  66  4:22  Drone  
  67  4:26  Drone  
  67  4:28  Spore Crawler  
  66  4:32  Roach x4  
  73  4:38  Overlord  
  73  4:40  Overlord  
  73  4:42  Overlord  
  72  4:45  Overlord  
  72  4:46  Drone x2  
  72  4:49  Lair  
  74  4:57  Drone x3  
  77  5:00  Extractor  
  77  5:01  Extractor  
  77  5:03  Roach  
  77  5:04  Overlord x2  
  77  5:06  Drone x2  
  79  5:09  Drone x2  
  82  5:14  Drone x2  
  82  5:19  Roach x2  
  82  5:27  Drone  
  82  5:28  Drone x4  
  83  5:30  Drone  
  83  5:35  Drone x4  
  87  5:37  Extractor x2  
  87  5:39  Roach x3  
  87  5:41  Overlord  
  91  5:45  Drone x4  
  91  5:48  Drone  
  96  5:51  Glial Reconstitution  
  96  5:54  Overlord  
  96  5:55  Drone x2  
  98  6:04  Hatchery  
  98  6:06  Evolution Chamber  
  98  6:09  Baneling Nest  
  95  6:12  Drone x2  
  95  6:13  Drone x2  
  95  6:14  Extractor, Overseer  
  98  6:19  Overseer  
  98  6:21  Overlord x2  
  98  6:22  Drone x3  
  98  6:25  Overlord  
  101  6:35  Zerg Melee Weapons Level 1  
  101  6:36  Overlord  
  101  6:40  Drone x8  
  101  6:45  Hatchery  
  108  6:50  Drone x5  
  113  6:57  Drone x2  
  113  6:58  Centrifical Hooks  
  115  7:01  Overlord  
  115  7:03  Roach x3  
  121  7:14  Roach x5  
  121  7:15  Roach x2  
  135  7:16  Queen  
  135  7:21  Ravager x7  
  144  7:23  Overlord  
  144  7:25  Overlord  
  144  7:31  Zergling x2  
  144  7:32  Zergling x12  
  151  7:37  Zergling x2  
  151  7:40  Baneling x12  
  151  7:41  Zergling x10  
  151  7:42  Overseer  
  157  7:46  Spore Crawler  
  156  7:52  Zergling x8  
  156  7:58  Hatchery  
  159  7:59  Zergling x10  
  159  8:05  Baneling x14  
  164  8:06  Zergling x6  
  167  8:14  Zergling x8  
  167  8:15  Zergling x10  
  176  8:20  Zergling x2  
  176  8:21  Zergling x4  
  177  8:31  Zergling x18  
  169  8:37  Zergling x2  
  169  8:38  Zergling x6  
  169  8:40  Zergling x6  
  167  8:44  Baneling x3, Infestation Pit  
  167  8:45  Baneling x19  
  167  8:48  Zergling x8  
  164  8:51  Pneumatized Carapace  
  164  8:53  Zergling x2  
  164  8:54  Zergling x8  
  169  8:56  Baneling x4  
  168  9:08  Zergling x22  
  177  9:24  Zergling x24  
  189  9:29  Drone x2  
  189  9:30  Spine Crawler  
  188  9:38  Overlord  
  188  9:45  Baneling x16  
  188  9:46  Baneling x17  
  188  9:56  Spore Crawler  
  180  10:02  Zergling x32  
  195  10:07  Zergling x2  
  184  10:16  Zergling x30  
  183  10:25  Zergling x6  
  183  10:28  Roach x2  
  161  10:29  Drone  
  161  10:30  Drone x2  
  161  10:31  Baneling  
  161  10:32  Baneling x15  
  161  10:35  Roach x2  
  160  10:40  Baneling x8  
  160  10:41  Baneling x2  
  155  10:44  Roach  
  164  10:57  Roach x9  
  164  11:01  Hive  
  164  11:06  Drone x4  
  164  11:07  Ravager x2  
  164  11:10  Zergling x2  
  164  11:11  Zergling x12  
  172  11:30  Zergling x24  
  172  11:31  Zergling x6  
  178  11:36  Zergling x2  
  178  11:37  Zergling x20  
  185  11:40  Drone x3  
  185  11:42  Unknown, Spore Crawler  
  185  11:43  Ravager x8  
  185  11:44  Baneling  
  194  11:52  Zergling x2  
  195  11:58  Zergling x2  
  195  12:04  Overlord  
  195  12:05  Overlord x2  
  182  12:08  Baneling  
  182  12:09  Baneling x15  
  182  12:12  Drone x3  
  182  12:14  Overlord  
  185  12:17  Zergling x6  
  188  12:23  Hatchery  
  188  12:26  Baneling x14  
  188  12:27  Zergling x24  
  199  12:38  Drone  
  199  12:39  Spire  
  199  12:40  Extractor  
  198  12:52  Baneling x13  
  198  12:57  Zergling x4  
  194  13:19  Zergling x16  
  179  13:20  Zergling x42  
  179  13:22  Zergling x2  
  179  13:23  Zergling x10  
  179  13:25  Baneling x11  
  179  13:26  Baneling x9  
  196  13:29  Zergling x6  
  196  13:36  Roach x4  
  178  13:45  Zergling x20  
  146  13:49  Zergling x2  
  146  13:50  Zergling x8  
  146  13:54  Zergling x12  
  127  13:58  Zergling x4  
  115  14:04  Baneling x20  
  115  14:07  Drone x3  
  118  14:20  Drone  
  118  14:21  Drone x5  
  124  14:27  Roach x3  
  130  14:34  Roach x4  
  138  14:54  Ravager x4  
Tags
 
Add a new tag
Caveats
  • Supply blocks, unpowered buildings, or Contaminate may cause inaccurate times.
  • Supply counts are checked every 10 seconds.